 Dungeon Crawl Stone Soup version 0.21-a0-404-g291f19a (webtiles) character file.

63 zero the Chopper (level 4, 0/28 HPs)
             Began as a Gargoyle Berserker on Oct 26, 2017.
             Was a Believer of Trog.
             Slain by Sigmund
             ... wielding a +0 scythe
              (1 damage)
             ... on level 2 of the Dungeon.
             The game lasted 00:01:23 (1521 turns).

zero the Chopper (Gargoyle Berserker)               Turns: 1521, Time: 00:01:24

Health: 0/28       AC: 12    Str: 22    XL:     4   Next: 9%
Magic:  4/4        EV:  8    Int:  7    God:    Trog [**....]
Gold:   51         SH:  0    Dex:  9    Spells: 3/3 levels left

rFire    . . .     SeeInvis .   a - +0 hand axe
rCold    . . .     Gourm    .   (no shield)
rNeg     + . .     Faith    .   i - +0 chain mail
rPois    ∞         Spirit   .   (no helmet)
rElec    +         Reflect  .   (no cloak)
rCorr    .         Harm     .   (no gloves)
MR       .....                  (no boots)
Stlth    ..........             (no amulet)
HPRegen  0.09/turn              (no ring)
MPRegen  0.09/turn              (no ring)

@: berserk cooldown, slowed, very slow
A: negative energy resistance 1, electricity resistance, unbreathing,
petrification resistance, rot immunity, AC +3
a: Berserk, Trog's Hand, Burn Spellbooks, Renounce Religion


You were on level 2 of the Dungeon.
You worshipped Trog.
Trog was pleased with you.
You were very hungry.

You visited 1 branch of the dungeon, and saw 2 of its levels.

You collected 51 gold pieces.

Inventory:

Hand Weapons
 a - a +0 hand axe (weapon)
Armour
 b - a +0 animal skin
 i - a +0 chain mail (worn)
Scrolls
 d - a scroll of teleportation {unknown}
 f - a scroll of fear {unknown}
 h - 3 scrolls of identify {unknown}
 j - a scroll of recharging {unknown}
 k - a scroll of remove curse {unknown}
Potions
 e - a potion of mutation {unknown}
 l - a potion of resistance {unknown}
 n - a potion of haste {unknown}
Comestibles
 c - 2 bread rations
 g - 2 fruits


   Skills:
 - Level 3.2 Fighting
 + Level 4.4 Axes
 - Level 2.1 Armour
 - Level 1.5 Dodging


You had 3 spell levels left.
You didn't know any spells.

Dungeon Overview and Level Annotations

Branches:
Dungeon (2/15)

Altars:

Annotations:
D:2 Sigmund


Innate Abilities, Weirdness & Mutations

You are resistant to torment.
Your stone body is resilient. (AC +3)
You are immune to poison.
You resist negative energy. (rN+)
You are resistant to electric shocks. (rElec)
You can survive without breathing.
You are immune to petrification.
You are immune to rotting.


Message History

You closely miss something. Something hits you but does no damage.
Your chain mail prevents you from hitting something.
You hear some strange, mumbled words.
You are confused.
The adder closely misses you. Something hits you!
* * * LOW HITPOINT WARNING * * *
The adder bites you.
* * * LOW HITPOINT WARNING * * *
You're too confused to move!
The adder barely misses you. Something hits you but does no damage.
The adder bites you but does no damage.
You're too confused!
The adder bites you but does no damage. Something hits you.
* * * LOW HITPOINT WARNING * * *
Found 5 gold pieces.
You feel less confused. The adder closely misses you.
You hit the adder.
The adder is heavily wounded.
The adder bites you but does no damage. Something hits you.
You die...

...# #####....###.###
#...## ##.....######.#
#.....##..###........#
#.........##........#
#....$..............#
##...................#
...........##........#
.#.....S...##........#
.......@..#..........#
............#........#
#......##....####.####
$....#. ####.# #..#
.<.... ....... #...#.##
......
.......#####...#.#
......
.......<.#.......## ....
###........#...#..######
...
##....#.#..#............


You could see an adder.

Vanquished Creatures
  3 adders (D:2)
  An ooze (D:1)
  2 worms (D:2)
  A dart slug (D:1)
  2 giant cockroaches (D:1)
  2 hobgoblins
  3 ball pythons (D:1)
  3 bats
  2 frilled lizards (D:1)
  4 goblins
  2 kobolds (D:1)
  3 rats (D:1)
28 creatures vanquished.

Notes
Turn   | Place    | Note
-------+----------+-------------------------------------------
     0 | D:1      | zero the Gargoyle Berserker began the quest for the Orb.
     0 | D:1      | Reached XP level 1. HP: 14/14 MP: 1/1
    24 | D:1      | Reached skill level 3 in Axes
   156 | D:1      | Reached XP level 2. HP: 19/19 MP: 2/2
  1091 | D:2      | Reached XP level 3. HP: 23/23 MP: 3/3
  1116 | D:2      | Reached skill level 4 in Axes
  1118 | D:2      | Reached ** piety under Trog
  1214 | D:2      | Reached XP level 4. HP: 15/28 MP: 4/4
  1484 | D:2      | Noticed Sigmund
  1519 | D:2      | HP: 1/28 [something (2)]
  1521 | D:2      | Slain by Sigmund

Vault maps used:
D:1:      minmay_arrival_arboretum_small, minmay_shallow_snake_nest
D:2:      kennysheep_nub, kennysheep_potato, uniq_sigmund

Skill      XL: |  1  2  3 |
---------------+----------+-----
Axes           | 3 4 |  4.4
Fighting       | |  3.2
Armour         | |  2.1
Dodging        | |  1.5

Action                   |  1- 3 |  4- 6 || total
-------------------------+-------+-------++-------
Melee: Hand axe          |    88 |    25 ||   113
Invok: Berserk           |     1 |     2 ||     3
 Stab: Sleeping          |     1 |       ||     1
  Eat: Chunk             |     2 |     1 ||     3
Armor: Animal skin       |    20 |       ||    20
       Chain mail        |    28 |    18 ||    46
Dodge: Dodged            |    67 |    13 ||    80

Table legend:
 A = Spawn XP
 B = Non-spawn XP
 C = Spawn XP percentage of total XP
 D = Spawn monster count
 E = Non-spawn monster count
 F = Spawn count percentage of total count
 G = Total turns spent on level
                    A         B        C        D         E        F      G
               +---------+---------+-------+---------+---------+-------+---------
         Total |       0 |      90 |   0.0 |       0 |      28 |   0.0 |  1521
               +---------+---------+-------+---------+---------+-------+---------
           D:1 |       0 |      31 |   0.0 |       0 |      18 |   0.0 |  1031
           D:2 |       0 |      59 |   0.0 |       0 |      10 |   0.0 |   490
               +---------+---------+-------+---------+---------+-------+---------
